 Dungeon Crawl Stone Soup version 0.22-a0-353-g2d6336e (webtiles) character file.

3124 theanonym the Thaumaturge (level 9, 0/66 HPs)
             Began as a Mummy Necromancer on Apr 15, 2018.
             Was a Believer of Vehumet.
             Slain by a two-headed ogre
             ... wielding a +0 giant club
              (15 damage)
             ... on level 8 of the Dungeon on Apr 16, 2018.
             The game lasted 00:36:06 (13608 turns).

theanonym the Thaumaturge (Mummy Necromancer)      Turns: 13608, Time: 00:36:07

Health: 0/66       AC:  5    Str: 11    XL:     9   Next: 60%
Magic:  3/23       EV: 12    Int: 19    God:    Vehumet [**....]
Gold:   434        SH:  5    Dex: 16    Spells: 19/28 levels left

rFire    x x .     SeeInvis .   l - -1 dagger (curse)
rCold    + + .     Gourm    .   j - +0 buckler
rNeg     + + +     Faith    +   a - +0 robe
rPois    ∞         Spirit   .   b - +0 helmet
rElec    .         Reflect  .   i - +0 cloak
rCorr    .         Harm     .   g - +0 pair of gloves
MR       +....                  (no boots)
Stlth    ++........             o - amulet of faith
HPRegen  0.21/turn              m - ring of ice
MPRegen  0.18/turn              f - ring of Juaterox {Int+2 Dex+3}

@: no status effects
A: no food or potions, fire vulnerability, cold resistance 1, negative energy
resistance 3, torment resistance, unbreathing
a: Renounce Religion


Innate Abilities, Weirdness & Mutations

You do not eat or drink.
Your flesh is vulnerable to fire.
You are immune to poison.
Your flesh is cold resistant. (rC+)
You are immune to negative energy. (rN+++)
You are immune to unholy pain and torment.
You can survive without breathing.


   Skills:
 + Level 4.4 Fighting
 + Level 1.5 Dodging
 - Level 1.5 Stealth
 - Level 4.1 Shields
 + Level 10.4 Spellcasting
 - Level 9.0 Necromancy


You had 19 spell levels left.
You knew the following spells:

 Your Spells              Type           Power        Failure   Level  Hunger
a - Pain                  Necr           ####         1%          1    N/A
c - Vampiric Draining     Necr           #####.....   1%          3    N/A
e - Animate Skeleton      Necr           N/A          1%          1    N/A
f - Animate Dead          Necr           N/A          1%          4    N/A

Skill      XL: |  1  2  3  4  5  6  7  8  9 |
---------------+----------------------------+-----
Spellcasting   | 3 4 6 7 8 10 | 10.4
Necromancy     | 5 6 7 9 |  9.0
Shields        | 2 4 |  4.1
Fighting       | 4 |  4.4
Dodging        | |  1.5
Stealth        | |  1.5

Action                   |  1- 3 |  4- 6 |  7- 9 || total
-------------------------+-------+-------+-------++-------
Melee: Hand axe          |    13 |     2 |       ||    15
       Dagger            |       |    24 |   221 ||   245
 Cast: Pain              |    63 |   149 |   254 ||   466
       Animate Skeleton  |    14 |    19 |     1 ||    34
       Vampiric Draining |       |     7 |    36 ||    43
       Animate Dead      |       |     5 |    27 ||    32
Evoke: Wand              |       |    15 |       ||    15
  Use: Scroll            |       |     2 |     9 ||    11
 Stab: Distracted        |       |     1 |       ||     1
Armor: Robe              |    11 |    17 |    97 ||   125
Dodge: Dodged            |    31 |    34 |   191 ||   256
Block: Buckler           |       |       |    69 ||    69

Inventory:

Hand Weapons
 c - a +0 whip of venom
   (You took it off a kobold in a sewer)
 l - a cursed -1 dagger (weapon)
   (You took it off Dowan on level 5 of the Dungeon)
 n - a +2 short sword of venom
   (You took it off a kobold in a sewer)
Armour
 a - a +0 robe (worn)
 b - a +0 helmet (worn)
   (You found it on level 1 of the Dungeon)
 g - a +0 pair of gloves (worn)
   (You found it on level 1 of the Dungeon)
 i - a +0 cloak (worn)
   (You found it on level 3 of the Dungeon)
 j - a +0 buckler (worn)
   (You found it on level 4 of the Dungeon)
Magical Staves
 k - an uncursed staff of wizardry {unknown}
   (You found it on level 7 of the Dungeon)
Jewellery
 e - an uncursed ring of fire
   (You found it on level 1 of the Dungeon)
 f - the ring of Juaterox (right hand) {Int+2 Dex+3}
   (You took it off a big kobold on level 7 of the Dungeon)

   [ring of intelligence]

   It affects your intelligence (+2).
   It affects your dexterity (+3).
 m - a ring of ice (left hand)
   (You found it on level 6 of the Dungeon)
 o - an amulet of faith (around neck)
   (You found it on level 8 of the Dungeon)
Scrolls
 d - 3 scrolls of enchant armour
 h - 4 scrolls of enchant weapon
 t - a scroll of teleportation {!r}
 y - 2 scrolls of magic mapping
 B - a scroll of blinking


You were on level 8 of the Dungeon.
You worshipped Vehumet.
Vehumet was pleased with you.
You were not hungry.

You visited 2 branches of the dungeon, and saw 9 of its levels.
You also visited: Sewer.

You collected 434 gold pieces.

Dungeon Overview and Level Annotations

Branches:
Dungeon (8/15)             Temple (1/1) D:6
   Lair: D:8-11

Altars:
Ashenzari
Cheibriados
Dithmenos
Elyvilon
Fedhas
Gozag
Hepliaklqana
Kikubaaqudgha
Makhleb
Nemelex Xobeh
Okawaru
Qazlal
Ru
Sif Muna
Trog
Uskayaw
Vehumet
Wu Jian
Xom
Yredelemnul
Zin
The Shining One

Shops:
D:4 (

Annotations:
D:6 Grinder
D:7 exclusions: wight and 1 more exclusion

#.# #.# .....# #.# ## .
.....# #.# ##.# # .. .....#
#.# #.. .#... ...#.# #.#
#.###.$... ...#.#
##.####.#....... ##.#.#
###....@Oh#....... ##.#.#
##....#####....$...
##.#.####..##.###.....##%..
##)#......#...........#
.#....#####.#.#.....###
.#.##.# ##..#...#..##
<#..#.###..####......
....#.Z#..## ....###
#........## .##.##


You could see a two-headed ogre and a hound.

Notes
Turn   | Place    | Note
-------+----------+-------------------------------------------
     0 | D:1      | theanonym the Mummy Necromancer began the quest for the Orb.
     0 | D:1      | Reached XP level 1. HP: 13/13 MP: 4/4
     2 | D:1      | Learned a level 1 spell: Animate Skeleton
   132 | D:1      | Reached skill level 3 in Spellcasting
   177 | D:1      | Reached XP level 2. HP: 19/19 MP: 3/6
   891 | D:1      | Reached XP level 3. HP: 21/24 MP: 3/7
  1133 | D:2      | Learned a level 3 spell: Vampiric Draining
  1704 | D:2      | Reached skill level 5 in Necromancy
  1704 | D:2      | Reached XP level 4. HP: 30/30 MP: 0/9
  1783 | D:2      | Found a hazy altar of Hepliaklqana.
  2015 | D:3      | Learned a level 4 spell: Animate Dead
  2214 | D:3      | HP: 14/30 [gnoll (2)]
  2232 | D:3      | Reached skill level 4 in Spellcasting
  2414 | D:3      | Found an ornate altar of the Wu Jian Council.
  2582 | D:3      | Reached XP level 5. HP: 35/35 MP: 7/11
  3152 | D:3      | Reached skill level 6 in Necromancy
  3996 | D:3      | Noticed an ogre
  4028 | D:3      | Reached XP level 6. HP: 34/41 MP: 7/13
  4040 | D:3      | HP: 18/41 [gnoll/club (6)]
  4286 | D:3      | Reached skill level 5 in Spellcasting
  4525 | D:3      | Reached skill level 7 in Necromancy
  5273 | D:3      | Found an ornate altar of the Wu Jian Council.
  5807 | D:4      | Reached skill level 6 in Spellcasting
  5807 | D:4      | Reached XP level 7. HP: 46/46 MP: 10/16
  6009 | D:4      | Found Healaappe's Antique Weapon Boutique.
  6250 | D:4      | Found a shattered altar of Ashenzari.
  6262 | D:4      | Found a stormy altar of Qazlal.
  6309 | D:4      | Noticed Eustachio
  6321 | D:4      | Noticed Sigmund
  6404 | D:4      | Found an iron altar of Okawaru.
  6407 | D:4      | Found a deep blue altar of Sif Muna.
  6467 | D:4      | Noticed Edmund
  6475 | D:4      | Killed Edmund
  6475 | D:4      | Reached skill level 1 in Shields
  6950 | D:5      | Entered Level 5 of the Dungeon
  6983 | D:5      | Found an ancient bone altar of Kikubaaqudgha.
  6983 | D:5      | Found a glowing silver altar of Zin.
  6983 | D:5      | Found a basalt altar of Yredelemnul.
  7345 | D:5      | HP: 21/46 [bullfrog skeleton (5)]
  7350 | D:5      | Reached skill level 7 in Spellcasting
  7393 | D:5      | HP: 20/46 [crimson imp (2)]
  7713 | D:5      | Reached skill level 2 in Shields
  7713 | D:5      | Reached XP level 8. HP: 46/52 MP: 6/18
  7943 | D:5      | Noticed Duvessa
  7960 | D:5      | Killed Duvessa
  7960 | D:5      | Reached skill level 8 in Necromancy
  7964 | D:5      | Noticed Dowan
  8173 | D:5      | Found an ancient bone altar of Kikubaaqudgha.
  8173 | D:5      | Found a basalt altar of Yredelemnul.
  8174 | D:5      | Found a glowing silver altar of Zin.
  8569 | D:5      | Killed Dowan
  9140 | D:6      | Found a staircase to the Ecumenical Temple.
  9156 | Temple   | Entered the Ecumenical Temple
  9212 | Temple   | Became a worshipper of Vehumet
  9382 | D:6      | Noticed Grinder
  9453 | D:6      | Found a glowing drain.
  9472 | Sewer    | Entered a sewer
  9837 | Sewer    | Reached skill level 3 in Shields
 10231 | D:7      | Reached * piety under Vehumet
 10231 | D:7      | Offered knowledge of Freeze by Vehumet.
 10231 | D:7      | Reached skill level 8 in Spellcasting
 10437 | D:7      | Noticed a troll
 10438 | D:7      | Noticed a slime creature
 10458 | D:7      | HP: 16/52 [centaur/arrow (12)]
 10713 | D:7      | Noticed Menkaure
 10997 | D:4      | Killed Eustachio
 11075 | D:4      | Killed Sigmund
 11187 | D:7      | HP: 23/52 [troll (6)]
 11188 | D:7      | Killed a troll
 11188 | D:7      | Reached skill level 4 in Shields
 11188 | D:7      | Reached skill level 9 in Necromancy
 11188 | D:7      | Reached XP level 9. HP: 25/57 MP: 3/21
 11426 | D:7      | Reached skill level 1 in Fighting
 11426 | D:7      | Reached skill level 9 in Spellcasting
 11429 | D:7      | Got a vibrating tin ring
 11538 | D:6      | Identified the ring of Juaterox {Int+2 Dex+3} (You took it off a big kobold on level 7 of the Dungeon)
 11643 | D:5      | HP: 22/59 [slime creature (20)]
 12674 | D:7      | Found a hide-covered altar of Uskayaw.
 12674 | D:7      | Found a blossoming altar of Fedhas.
 12676 | D:7      | Found a glowing golden altar of the Shining One.
 12746 | D:7      | Reached skill level 2 in Fighting
 12979 | D:7      | Reached skill level 3 in Fighting
 13363 | D:8      | Reached skill level 10 in Spellcasting
 13369 | D:8      | Killed Menkaure
 13369 | D:8      | Offered knowledge of Sting by Vehumet.
 13397 | D:8      | Reached ** piety under Vehumet
 13415 | D:8      | Reached skill level 4 in Fighting
 13520 | D:8      | Noticed Prince Ribbit
 13536 | D:8      | Killed Prince Ribbit
 13595 | D:8      | Noticed a two-headed ogre
 13603 | D:8      | HP: 30/66 [two-headed ogre/giant club (31)]
 13606 | D:8      | HP: 8/66 [two-headed ogre/giant club (15)]
 13608 | D:8      | Slain by a two-headed ogre

Vanquished Creatures
  A troll (D:7)
  Prince Ribbit (D:8)
  Sigmund (D:4)
  Eustachio (D:4)
  Edmund (D:4)
  Duvessa (D:5)
  A sky beast (D:5)
  An ice beast (D:7)
  A centaur (D:7)
  2 ogres
  3 big kobolds
  2 bullfrogs
  Dowan (D:5)
  4 scorpions
  A crimson imp (D:5)
  A jelly (D:5)
  A hound (D:2)
  2 orc wizards
  3 bullfrog skeletons
  A gnoll shaman (D:3)
  3 iguanas (D:7)
  3 centaur skeletons
  8 worker ants
  18 gnolls
  8 adders
  2 oozes (Sewer)
  2 worms (D:3)
  A dart slug (D:2)
  6 leopard geckos
  12 orcs
  3 ball pythons
  6 bats
  9 giant cockroaches
  9 goblins
  6 hobgoblins
  19 jackals
  4 quokkas
  7 frilled lizards
  15 kobolds
  11 rats
182 creatures vanquished.

Vanquished Creatures (collateral kills)
  Menkaure (D:8)
  A crimson imp (D:8)
  A gnoll shaman (D:3)
  An orc wizard (D:6)
  8 gnolls (D:3)
  A worm (D:4)
  2 orcs (D:7)
  A goblin (D:1)
  A hobgoblin (D:1)
  2 jackals (D:3)
  A rat (D:1)
20 creatures vanquished.

Vanquished Creatures (others)
  An ogre (D:3)
  4 gnolls (D:3)
  A jackal (D:3)
6 creatures vanquished.

Grand Total: 208 creatures vanquished

Table legend:
 A = Turns spent in this place as a percentage of turns spent in the entire game.
 B = Non-inter-level travel turns spent in this place as a percentage of non-inter-level travel turns spent in the entire game.
 C = Inter-level travel turns spent in this place as a percentage of turns spent in this place.
 D = Turns resting spent in this place as a percentage of non-inter-level travel turns spent in this place.
 E = Turns spent auto-exploring this place as a percentage of non-inter-level travel turns spent in this place.
 F = Non-inter-level travel turns spent in this place divided by the number of levels of this place that you've seen.
                   A       B       C       D       E      F
               +-------+-------+-------+-------+-------+----------------------
         Total | 100.0 | 100.0 |   3.9 |  36.3 |  45.6 | 1308.1
       Dungeon |  95.5 |  95.4 |   3.9 |  35.7 |  46.3 | 1560.5
        Temple |   0.6 |   0.4 |  26.6 |   0.0 |  91.4 |  58.0
         Sewer |   4.0 |   4.1 |   0.0 |  54.9 |  23.4 | 539.0
               +-------+-------+-------+-------+-------+----------------------
